 Dungeon Sprint DCSS version 0.31-a0-4-gefa6de2278 (webtiles) character file.

Game seed: 15790293056762786460

1231 sircluck the Cleaver (level 8, 0/81 HPs)
             Began as a Hill Orc Fighter on May 4, 2023.
             Was a Priest of Beogh.
             Slain by a troll (11 damage)
             ... in the Dungeon (Sprint IX: "|||||||||||||||||||||||||||||").
             The game lasted 00:01:39 (878 turns).

sircluck the Cleaver (Hill Orc Fighter)              Turns: 878, Time: 00:01:40

Health: 0/81       AC: 14    Str: 21    XL:     8   Next: 48%
Magic:  8/8        EV:  9    Int: 11    God:    Beogh [***...]
Gold:   0          SH:  6    Dex: 13    Spells: 7/7 levels left

rFire   . . .        n - +1 broad axe (freeze)
rCold   . . .        c - +0 buckler
rNeg    . . .        p - +1 chain mail
rPois   .            o - +0 helmet
rElec   .            (no cloak)
rCorr   .            (no gloves)
SInv    .            (no boots)
Will    .....        (no amulet) Stlth
                     q - +3 ring of dexterity
HPRegen 0.33/turn    r - +3 ring of intelligence
MPRegen 0.11/turn

%: no teleportation
@: no status effects
A: no striking features
a: Renounce Religion, Smiting


You were in the Dungeon.
You worshipped Beogh.
Beogh was most pleased with you.
You visited 1 branch

Inventory:

Hand Weapons
 a - a +0 war axe
 n - a +1 broad axe of freezing (weapon)
Armour
 b - a +0 scale mail
 c - a +0 buckler (worn)
 o - a +0 helmet (worn)
 p - a +1 chain mail (worn)
Jewellery
 q - a +3 ring of dexterity (left hand)
 r - a +3 ring of intelligence (right hand)
Wands
 m - a wand of quicksilver (10)
Scrolls
 j - a scroll of blinking
 l - 2 scrolls of amnesia
Potions
 d - a potion of might
 e - 5 potions of curing
 f - a potion of invisibility
 g - a potion of haste
 h - 4 potions of magic
 i - a potion of berserk rage
 k - 2 potions of heal wounds


   Skills:
 + Level 10.6 Fighting
 + Level 14.5 Axes
 + Level 10.7 Armour
 + Level 1.9 Dodging
 + Level 0.6 Stealth
 + Level 8.2 Shields


You had 7 spell levels left.
You didn't know any spells.
Your spell library was empty.

Dungeon Overview and Level Annotations

Branches:
Dungeon (1/1)

Altars:
Cheibriados
Dithmenos
Elyvilon
Fedhas
Gozag
Hepliaklqana
Kikubaaqudgha
Makhleb
Nemelex Xobeh
Okawaru
Qazlal
Ru
Sif Muna
Trog
Uskayaw
Vehumet
Wu Jian
Xom
Yredelemnul
Zin
The Shining One
Beogh
Jiyva
Lugonu


Message History

The cyclops shouts!
You hit the wyvern but do no damage.
The wyvern is almost dead.
The wyvern bites you. The wyvern bites you!
You hit the wyvern. You freeze the wyvern.
The wyvern is almost dead.
The wyvern bites you but does no damage.
You slash the wyvern! You freeze the wyvern.
You kill the wyvern!
Beogh accepts your kill.
You can now gain orcish followers.
You hit the troll but do no damage. You hit the troll but do no damage.
The troll barely misses you. The troll claws you but does no damage.
The troll claws you.
You closely miss the troll. The troll completely misses you.
You block the troll's attack. The troll claws you but does no damage.
You slash the troll! You freeze the troll.
The troll is heavily wounded.
The troll bites you but does no damage. The troll claws you.
You block the troll's attack.
You closely miss the troll.
The troll is heavily wounded.
The troll bites you. The troll claws you. The troll completely misses you.
You completely miss the troll.
The troll is heavily wounded.
The troll bites you but does no damage. The troll claws you but does no damage.
The troll barely misses you.
You hit the troll. You freeze the troll.
The troll is heavily wounded.
The troll closely misses you. The troll completely misses you.
The troll barely misses you.
You barely miss the troll.
The troll is heavily wounded.
The troll bites you. The troll claws you. The troll claws you!
* * * LOW HITPOINT WARNING * * *
You completely miss the troll.
The troll is heavily wounded.
The troll bites you!
* * * LOW HITPOINT WARNING * * *
You block the troll's attack. The troll claws you!
You die... ▓▓▓▓▓▓▓▓▓▓▓▓▓▓▓▓▓▓▓▓▓▓▓▓▓▓▓▓▓▓ _____'..).[....'@TCC..'..sTCC+ ▓▓▓▓▓▓▓▓▓▓▓▓▓▓▓▓▓▓▓▓▓▓▓▓▓▓▓▓▓▓

You could see 2 cyclopes and a troll.

Vanquished Creatures
  A slime creature (D)
  A shadow (D)
  A yak (D)
  A wyvern (shapeshifter) (D)
  A vampire mosquito (D)
  An acid dragon (D)
  An ogre (D)
  A black bear (D)
  A centaur (D)
  A howler monkey (D)
  An orc priest (D)
  A hound (D)
  An iguana (D)
  An adder (D)
  An endoplasm (D)
  A giant cockroach (D)
  A bat (D)
  A kobold (D)
  A rat (D)
19 creatures vanquished.

Notes
Turn   | Place    | Note
-------+----------+-------------------------------------------
     0 | D        | sircluck the Hill Orc Fighter began the quest for the Orb.
     0 | D        | Reached XP level 1. HP: 19/19 MP: 1/1
    15 | D        | Reached skill level 3 in Axes
    22 | D        | Noticed an iguana
    22 | D        | Noticed a black bear
    22 | D        | Noticed a hound
    22 | D        | Noticed an ogre
    36 | D        | HP: 1/20 [iguana (2)]
    40 | D        | Killed an iguana
    41 | D        | Reached skill level 5 in Fighting
    41 | D        | Reached skill level 4 in Axes
    41 | D        | Reached XP level 2. HP: 29/29 MP: 2/2
    41 | D        | Reached XP level 3. HP: 36/36 MP: 3/3
    44 | D        | Killed a black bear
    45 | D        | Reached skill level 6 in Axes
    45 | D        | Reached XP level 4. HP: 37/45 MP: 4/4
    45 | D        | Reached XP level 5. HP: 42/51 MP: 5/5
    52 | D        | Killed an ogre
    53 | D        | Reached skill level 8 in Axes
    53 | D        | Reached XP level 6. HP: 12/61 MP: 6/6
   327 | D        | Found a roughly hewn altar of Beogh.
   327 | D        | Found a snail-covered altar of Cheibriados.
   327 | D        | Found a shadowy altar of Dithmenos.
   327 | D        | Found a white marble altar of Elyvilon.
   327 | D        | Found a blossoming altar of Fedhas.
   327 | D        | Found an opulent altar of Gozag.
   328 | D        | Found a hazy altar of Hepliaklqana.
   329 | D        | Found a viscous altar of Jiyva.
   330 | D        | Became a worshipper of Beogh the Brigand
   331 | D        | Found an ancient bone altar of Kikubaaqudgha.
   332 | D        | Found a corrupted altar of Lugonu.
   333 | D        | Found a burning altar of Makhleb.
   334 | D        | Found a sparkling altar of Nemelex Xobeh.
   335 | D        | Found an iron altar of Okawaru.
   336 | D        | Found a stormy altar of Qazlal.
   337 | D        | Found a sacrificial altar of Ru.
   338 | D        | Found a shimmering blue altar of Sif Muna.
   339 | D        | Found a bloodstained altar of Trog.
   340 | D        | Found a hide-covered altar of Uskayaw.
   341 | D        | Found a radiant altar of Vehumet.
   342 | D        | Found an ornate altar of the Wu Jian Council.
   343 | D        | Found a shimmering altar of Xom.
   344 | D        | Found a basalt altar of Yredelemnul.
   345 | D        | Found a glowing silver altar of Zin.
   346 | D        | Found a glowing golden altar of the Shining One.
   395 | D        | Noticed a shadow
   395 | D        | Noticed a yak
   395 | D        | Noticed a vampire mosquito
   404 | D        | Reached skill level 9 in Axes
   404 | D        | Reached skill level 1 in Dodging
   405 | D        | Reached skill level 10 in Axes
   411 | D        | Killed a shadow
   411 | D        | Reached * piety under Beogh
   412 | D        | Reached skill level 11 in Axes
   412 | D        | Reached XP level 7. HP: 38/70 MP: 7/7
   426 | D        | Killed a yak
   427 | D        | Reached skill level 12 in Axes
   429 | D        | Reached ** piety under Beogh
   432 | D        | Killed a vampire mosquito
   433 | D        | Reached skill level 10 in Fighting
   433 | D        | Reached skill level 13 in Axes
   433 | D        | Reached skill level 10 in Armour
   627 | D        | Noticed a slime creature
   627 | D        | Noticed a guardian serpent
   627 | D        | Noticed a troll
   627 | D        | Noticed a cyclops
   627 | D        | Noticed a cyclops
   636 | D        | Killed a slime creature
   637 | D        | Reached XP level 8. HP: 43/79 MP: 8/8
   638 | D        | a guardian serpent changed into a moth of wrath
   638 | D        | Noticed a moth of wrath (shapeshifter)
   642 | D        | a moth of wrath changed into a jumping spider
   642 | D        | Noticed a jumping spider (shapeshifter)
   861 | D        | a centaur changed into a wyvern
   861 | D        | Noticed a wyvern (shapeshifter)
   865 | D        | Reached skill level 14 in Axes
   869 | D        | Killed a wyvern
   869 | D        | Reached *** piety under Beogh
   878 | D        | Slain by a troll

Illustrated notes

Levels and vault maps discovered:
D:        linesprint [early_d, line_temple, items_1, d_10, items_2, lair_1,
          lair_end, items_3, orc_1, orc_end, items_4, d_15, swamp_1, shoals_1,
          snake_1, spider_1, d_20, vaults_1, items_5, swamp_end, shoals_end,
          snake_end, spider_end, vaults_end, d_27, items_6, zot_1, zot_end,
          crypt_end, forest_end, elf_end, slime_end, tomb_end, abyss_end,
          pan_hell_end]

Skill      XL: |  1  2  3  4  5  6  7  8 |
---------------+-------------------------+-----
Fighting       | 5 6 8 9 10 | 10.6
Axes           | 4 6 8 11 13 14 | 14.5
Armour         | 4 6 7 8 10 | 10.7
Shields        | 4 6 7 8 |  8.2
Dodging        | 1 |  1.9
Stealth        | |  0.6

Action                     |  1- 3 |  4- 6 |  7- 9 || total
---------------------------+-------+-------+-------++-------
  Melee: War axe           |    29 |    11 |       ||    40
         Broad axe         |       |    15 |    52 ||    67
    Use: Potion            |     1 |       |       ||     1
         Scroll            |       |       |     1 ||     1
 Armour: Scale mail        |    10 |       |       ||    10
         Chain mail        |       |    17 |    19 ||    36
  Dodge: Dodged            |    17 |    14 |    21 ||    52
  Block: Buckler           |     5 |     4 |    13 ||    22

Table legend: (Time is in decaauts)
 A = Elapsed time spent in this place.
 B = Non-inter-level travel time spent in this place.
 C = Inter-level travel time spent in this place.
 D = Time resting spent in this place.
 E = Time spent auto-exploring this place.
 F = Levels seen in this place.
 G = Mean time per level.
                   A        B        C        D        E       F      G
               +--------+--------+--------+--------+--------+-----+--------+
         Total |    889 |    889 |      0 |    657 |     12 |   1 |  889.0 |
       Dungeon |    889 |    889 |      0 |    657 |     12 |   1 |  889.0 |
               +--------+--------+--------+--------+--------+-----+--------+

Top non-repeatable levels by time:
       D: 889 daAuts
